 Dungeon Crawl Stone Soup version 0.28-a0-1074-g3cb2360906 (webtiles) character file.

Game seed: 7414187819630976760

39 ChaosChampion the Grave Robber (level 3, 0/24 HPs)
             Began as a Vampire Necromancer on Mar 17, 2020.
             Succumbed to an adder's poison
             ... on level 2 of the Dungeon on Dec 9, 2021.
             The game lasted 00:09:17 (1608 turns).

ChaosChampion the Grave Robber (VpNe)               Turns: 1608, Time: 00:09:18

Health: 0/24       AC:  2    Str:  7    XL:     3   Next: 26%
Magic:  4/6        EV:  9    Int: 18    God:
Gold:   75         SH:  0    Dex: 14    Spells: 4/6 levels left

rFire   . . .      SeeInvis +   (no weapon)
rCold   . . .      Faith    .   (no shield)
rNeg    . . .      Spirit   .   a - +0 robe
rPois   .          Reflect  .   (no helmet)
rElec   .          Harm     .   (no cloak)
rCorr   .          Rampage  .   (no gloves)
Will    .....                   (no boots)
Stlth   ++........              (no amulet)
HPRegen 0.28/turn               (no ring)
MPRegen 0.10/turn               (no ring)

@: lethally poisoned (0 -> -4), healing quickly, constricted
A: alive, fangs 3, see invisible, vampiric 2
a: Exsanguinate


You were on level 2 of the Dungeon.
You visited 1 branch of the dungeon, and saw 2 of its levels.

You collected 75 gold pieces.

Inventory:

Armour
 a - a +0 robe (worn)
Wands
 f - a wand of charming (7) (quivered)
Scrolls
 b - a scroll of enchant armour {unknown}
 e - 2 scrolls of identify {unknown}
 g - 2 scrolls of teleportation {unknown}
 i - a scroll of immolation {unknown}
 j - 2 scrolls of removedness
Potions
 c - 3 potions of curing {unknown}
 d - a potion of flight {unknown}
 h - a potion of berserk rage {unknown}
 k - a potion of degeneration {unknown}


   Skills:
 + Level 2.2 Dodging
 + Level 3.2 Stealth
 + Level 2.2 Spellcasting
 * Level 5.4 Necromancy


You had 4 spell levels left.
You knew the following spells:

 Your Spells              Type           Power      Damage    Failure   Level
a - Pain                  Necr           84%        1d8       1%          1
b - Animate Skeleton      Necr           42%        N/A       1%          1

Your spell library contained the following spells:

 Spells                   Type           Power      Damage    Failure   Level
 Vampiric Draining        Necr           21%        2d7       6%          3
 Animate Dead             Necr           10%        N/A       19%         4
 Agony                    Necr           21%        N/A       47%         5


Dungeon Overview and Level Annotations

Branches:
Dungeon (2/15)

Altars:


Innate Abilities, Weirdness & Mutations

Your natural rate of healing is accelerated.
You have razor-sharp teeth.
You have supernaturally acute eyesight. (SInv)
You are afflicted with vampirism and can become a bat while bloodless.


Message History

The adder poisons you! The ball python barely misses you.
The ball python closely misses you. The adder bites you.
The ball python barely misses you. x2
You are too injured to fight recklessly!
You are too injured to fight recklessly!
You are too injured to fight recklessly!
You are too injured to fight recklessly!
You are too injured to fight recklessly!
You are too injured to fight recklessly!
You are too injured to fight recklessly!
You are too injured to fight recklessly!
You are too injured to fight recklessly!
You are too injured to fight recklessly!
* * * LOW HITPOINT WARNING * * *
You feel sick.
Casting: Animate Skeleton (safe; 1% risk of failure)
Confirm with . or Enter, or press ? or * to list all spells.
Aiming: Pain (safe; 1% risk of failure)
Press: ? - help, Shift-Dir - straight line, f - adder
Aim: an adder (chance to affect: 86%)
The adder writhes in agony.
* * * LOW HITPOINT WARNING * * *
You feel sick. The adder bites you but does no damage.
Casting: Pain (safe; 1% risk of failure)
Confirm with . or Enter, or press ? or * to list all spells.
Aiming: Pain (safe; 1% risk of failure)
Press: ? - help, Shift-Dir - straight line, f/p - adder
Aim: an adder (lightly wounded, chance to affect: 86%)
The adder writhes in agony.
* * * LOW HITPOINT WARNING * * *
You feel sick. The adder barely misses you.
The ball python bites you but does no damage.
The ball python grabs you.
* * * LOW HITPOINT WARNING * * *
The ball python constricts you. The adder bites you but does no damage.
Welcome back, ChaosChampion the Vampire Necromancer.
Press ? for a list of commands and other information.
You barely miss the adder.
The adder is heavily wounded.
You die...

#...# ##.......# #...#
#........# ..
###...######.#####..#....
.............# ..#..?.
...........).# .....>.
.............# ..#....
###...######.#####...<..
#.%.# #.....S..# #)†.#
#....@S.# #...#
###[#.#..?.... #...#
#.#.#.##?.## #...######
#.#.#.# ... ####.......#
#...... # ..##.#####.#
####### #.##.#####.#
........##.# #.#......#.#


You could see an adder and a ball python.

Vanquished Creatures
  A gnoll (D:1)
  A worm (D:2)
  A removed leopard gecko (D:1)
  A ball python (D:1)
  2 giant cockroaches (D:2)
  5 goblins
  3 hobgoblins
  3 kobolds
  A quokka (D:2)
  2 bats (D:2)
  2 frilled lizards
  3 rats
25 creatures vanquished.

Vanquished Creatures (collateral kills)
  A bat (D:2)
1 creature vanquished.

Grand Total: 26 creatures vanquished

Notes
Turn   | Place    | Note
-------+----------+-------------------------------------------
     0 | D:1      | ChaosChampion the Vampire Necromancer began the quest for
                  | the Orb.
     0 | D:1      | Reached XP level 1. HP: 13/13 MP: 3/3
   181 | D:1      | Reached XP level 2. HP: 15/19 MP: 0/5
   184 | D:1      | Learned a level 1 spell: Animate Skeleton
   266 | D:1      | Reached skill level 5 in Necromancy
  1027 | D:2      | Upgraded the game from 0.25-a0-613-gf4b266557c to
                  | 0.25-a0-729-g14964f1db5
  1058 | D:2      | Reached XP level 3. HP: 24/24 MP: 1/6
  1288 | D:2      | Upgraded the game from 0.25-a0-729-g14964f1db5 to
                  | 0.26-a0-227-g1af32d979d
  1294 | D:2      | Upgraded the game from 0.26-a0-227-g1af32d979d to
                  | 0.28-a0-75-g15dc114455
  1607 | D:2      | HP: 1/24 [ball python (1)]
  1608 | D:2      | Upgraded the game from 0.28-a0-75-g15dc114455 to
                  | 0.28-a0-1074-g3cb2360906
  1608 | D:2      | Succumbed to an adder's poison

Illustrated notes

Levels and vault maps discovered:
D:1:      eino_arrival_druids_welcome, layout_basic
D:2:      layout_loops_cross, first_ration

Skill      XL: |  1  2 |
---------------+-------+-----
Necromancy     | 5 |  5.4
Dodging        | |  2.2
Stealth        | |  3.2
Spellcasting   | |  2.2

Action                   || total
-------------------------++-------
Melee: Unarmed           ||    25
       Punch             ||     4
 Cast: Pain              ||    54
       Animate Skeleton  ||     8
Armor: Robe              ||    14
Dodge: Dodged            ||    37

Table legend: (Time is in decaauts)
 A = Elapsed time spent in this place.
 B = Non-inter-level travel time spent in this place.
 C = Inter-level travel time spent in this place.
 D = Time resting spent in this place.
 E = Time spent auto-exploring this place.
 F = Levels seen in this place.
 G = Mean time per level.
                   A        B        C        D        E       F      G
               +--------+--------+--------+--------+--------+-----+--------+
         Total |   1607 |   1572 |     35 |    241 |    780 |   2 |  803.5 |
       Dungeon |   1607 |   1572 |     35 |    241 |    780 |   2 |  803.5 |
               +--------+--------+--------+--------+--------+-----+--------+

Top non-repeatable levels by time:
     D:2: 314 daAuts
Note: time per level data comes from an upgraded game and may be incomplete.
